Map: Ephemeron LE

Players

Zanster

  • Race: Zerg Zerg
  • Spawn Location: 11:00

Zest - Winner!

  • Race: Protoss Protoss
  • League: Master
  • Spawn Location: 5:00

Event: HomeStory Cup XX

VOD

Have the link to the VOD?

Description

Time

  • Played on: Nov. 22, 2019, 6:19 a.m.
  • Length: 7:49

All games in this series

Show
View Real Time Build Order
Export as new Build Order

Zanster Zerg 

Build Orders: Hatch First 

Get SALT Encoding   

  12  0:00  Drone  
  13  0:13  Overlord  
  13  0:16  Drone  
  14  0:31  Drone  
  14  0:33  Drone  
  16  0:49  Hatchery  
  15  0:51  Drone  
  15  0:55  Drone  
  17  0:58  Drone  
  18  1:09  Extractor  
  17  1:14  Spawning Pool  
  17  1:17  Drone  
  17  1:21  Drone  
  18  1:28  Drone  
  20  1:40  Drone  
  20  1:50  Drone  
  21  2:01  Queen x2  
  21  2:02  Overlord  
  21  2:03  Zergling x2  
  26  2:09  Metabolic Boost  
  26  2:13  Zergling x2  
  27  2:15  Drone  
  27  2:22  Drone x2  
  30  2:38  Hatchery  
  30  2:41  Drone  
  30  2:43  Drone  
  31  2:45  Drone  
  31  2:51  Queen  
  31  2:58  Overlord  
  33  3:01  Drone  
  33  3:02  Zergling x2  
  35  3:07  Overlord  
  35  3:14  Zergling x2  
  36  3:21  Drone x4  
  36  3:27  Queen, Drone  
  41  3:33  Drone  
  44  3:37  Overlord  
  44  3:46  Overlord  
  44  3:50  Drone  
  44  3:51  Queen, Drone x3  
  44  3:52  Overlord  
  50  3:58  Drone  
  50  4:02  Drone  
  51  4:05  Drone  
  51  4:08  Drone x4  
  56  4:12  Drone x2  
  56  4:13  Roach Warren  
  57  4:22  Spore Crawler  
  57  4:23  Spore Crawler  
  55  4:24  Lair  
  55  4:26  Zergling x2  
  55  4:27  Extractor, Zergling x2  
  55  4:30  Extractor  
  55  4:31  Zergling x4  
  56  4:35  Zergling x6  
  60  4:39  Zergling x2  
  60  4:40  Zergling x4  
  60  4:42  Zergling x4  
  60  4:45  Spore Crawler  
  64  4:46  Overlord  
  56  5:03  Drone x10  
  65  5:11  Roach  
  65  5:12  Roach x2  
  69  5:16  Roach x2  
  74  5:21  Roach  
  74  5:30  Roach  
  74  5:31  Overlord  
  76  5:40  Roach x2  
  76  5:41  Overlord  
  78  5:46  Roach x3  
  78  5:48  Drone x4  
  81  5:53  Roach  
  77  5:57  Zergling x6  
  70  6:07  Zergling x4, Roach  
  64  6:12  Zergling x6, Roach  
  69  6:25  Drone x5  
  68  6:37  Drone x6  
  68  6:38  Drone  
  74  6:44  Drone x2  
  75  6:49  Queen  
  75  6:51  Drone  
  75  6:52  Drone  
  78  6:55  Drone  
  77  7:02  Drone x2  
  77  7:03  Drone  
  77  7:04  Queen  
  82  7:10  Extractor  
  82  7:11  Drone  
  82  7:12  Drone  
  82  7:13  Drone  
  85  7:23  Zergling x2, Roach  
  85  7:24  Overlord  
  85  7:27  Spine Crawler  
  85  7:28  Spine Crawler  
  86  7:33  Ravager x2  
Show
View Real Time Build Order
Export as new Build Order

Zest Protoss - Winner!

Build Orders: 1 Gate Expand, Zealot Archon, Archon Drop, Dark Templar Rush 

Get SALT Encoding   

  12  0:00  Probe  
  13  0:12  Probe  
  14  0:18  Pylon  
  14  0:23  Probe  
  15  0:32  Probe  
  15  0:38  Gateway  
  15  0:40  Probe  
  16  0:47  Assimilator  
  17  0:51  Probe  
  18  1:03  Probe  
  19  1:15  Probe  
  20  1:25  Cybernetics Core  
  20  1:33  Nexus  
  20  1:37  Probe  
  21  1:43  Pylon  
  21  1:49  Probe  
  21  1:51  Assimilator  
  21  1:53  Adept  
  22  2:01  Probe  
  22  2:04  Warp Gate  
  25  2:13  Adept, Probe  
  26  2:25  Probe  
  29  2:30  Twilight Council  
  29  2:37  Probe  
  30  2:45  Stalker  
  30  2:46  Probe  
  30  2:50  Probe  
  34  2:54  Probe  
  35  2:59  Robotics Facility  
  35  3:02  Probe  
  35  3:04  Probe  
  37  3:14  Probe  
  37  3:16  Probe  
  39  3:25  Dark Shrine  
  39  3:26  Probe  
  40  3:28  Probe  
  39  3:38  Warp Prism, Probe  
  39  3:39  Gateway  
  40  3:42  Gateway  
  40  3:43  Gateway  
  40  3:51  Probe  
  40  3:52  Probe  
  44  3:55  Pylon  
  44  4:01  Assimilator  
  44  4:04  Assimilator  
  44  4:06  Adept  
  46  4:12  Pylon  
  46  4:13  Probe x2  
  48  4:25  Probe  
  48  4:26  Probe  
  50  4:32  Pylon  
  50  4:38  Dark Templar x3, Probe x2  
  56  4:39  Zealot  
  60  4:56  Immortal  
  62  5:05  Probe  
  62  5:06  Probe  
  64  5:15  Dark Templar x2  
  64  5:18  Archon  
  64  5:20  Adept x2, Archon  
  68  5:23  Nexus  
  68  5:26  Pylon  
  68  5:30  Pylon  
  68  5:42  Immortal  
  67  5:48  Dark Templar  
  73  5:50  Charge  
  73  5:53  Dark Templar, Zealot x2  
  75  6:13  Gateway  
  75  6:14  Gateway  
  75  6:17  Gateway  
  73  6:27  Nexus  
  73  6:28  Sentry x4  
  73  6:29  Immortal  
  73  6:32  Archon  
  85  6:56  Gateway  
  85  6:58  Pylon  
  85  7:04  Pylon  
  85  7:05  Shield Battery  
  85  7:12  Pylon, Observer  
  86  7:24  Dark Templar x2, Zealot x3  
  86  7:25  Zealot x2  
  86  7:28  Archon  
  100  7:30  Probe x2  
Tags
 
Add a new tag
Caveats
  • Supply blocks, unpowered buildings, or Contaminate may cause inaccurate times.
  • Supply counts are checked every 10 seconds.